Map: Cyber Forest LE

Players

Vaisravana - Winner!

  • Race: Zerg Zerg
  • League: Diamond
  • Spawn Location: 11:00

A.I. 1 (Very Easy)

  • Race: Zerg Zerg
  • Spawn Location: 5:00

VOD

Have the link to the VOD?

Description

vaisDOJO

Time

  • Played on: May 10, 2019, 11:13 a.m.
  • Length: 3:12
Show
View Real Time Build Order
Export as new Build Order

Vaisravana Zerg - Winner!

Build Orders: 1 Base Baneling Bust, Pool Only 

Get SALT Encoding   

  12  0:01  Drone  
  13  0:15  Extractor  
  12  0:24  Spawning Pool  
  11  0:28  Drone  
  12  0:36  Drone  
  12  0:38  Drone  
  14  0:49  Overlord  
  14  1:10  Zergling x4  
  16  1:16  Metabolic Boost  
  16  1:25  Queen  
  18  1:30  Zergling x2  
  19  1:39  Baneling Nest  
  18  1:43  Zergling x2  
  19  1:47  Zergling x2  
  19  1:53  Zergling x2  
  21  1:57  Zergling x2  
  22  2:06  Overlord  
  22  2:22  Baneling x3  
  22  2:24  Baneling  
  22  2:26  Zergling x2  
  23  2:30  Zergling x2  
  23  2:34  Zergling x4  
  26  2:39  Zergling x2  
  27  2:44  Zergling x2  
Show
View Real Time Build Order
Export as new Build Order

A.I. 1 (Very Easy) Zerg 

Build Orders: Hatch First 

Get SALT Encoding   

  12  0:00  Drone  
  13  0:12  Overlord  
  13  0:17  Drone  
  14  0:41  Hatchery  
  13  0:45  Drone  
  14  1:02  Spawning Pool  
  13  1:05  Drone  
  13  1:08  Extractor  
  13  1:12  Drone  
  14  1:19  Overlord  
  14  1:49  Zergling x2  
  14  1:50  Queen  
  14  1:52  Zergling x2  
  18  2:01  Roach Warren  
  18  2:03  Extractor  
  18  2:06  Drone  
  17  2:13  Drone  
  18  2:16  Zergling x2  
  18  2:21  Drone  
  20  2:28  Drone  
  21  2:35  Drone  
  22  2:42  Drone  
  23  2:49  Zergling x2  
  23  2:50  Drone  
Tags
 
Add a new tag
Caveats
  • Supply blocks, unpowered buildings, or Contaminate may cause inaccurate times.
  • Supply counts are checked every 10 seconds.